 Dungeon Crawl Stone Soup version 0.32-a0-732-ga344392067 (webtiles) character file.

Game seed: 3589725480500956614

1052 Maxmaps the Carver (level 8, -5/56 HPs)
             Began as a Demonspawn Gladiator on Mar 16, 2024.
             Slain by an ogre
             ... wielding a +0 giant club
              (6 damage)
             ... on level 4 of the Dungeon.
             The game lasted 00:03:53 (3397 turns).

Maxmaps the Carver (Demonspawn Gladiator)           Turns: 3397, Time: 00:03:53

Health: -5/56      AC: 18    Str: 15    XL:     8   Next: 5%
Magic:  8/8        EV: 10    Int: 10    God:
Gold:   89         SH:  0    Dex: 15    Spells: 7/7 levels left

rFire   . . .        a - +0 long sword
rCold   . . .        (no shield)
rNeg    . . .        n - +0 ring mail
rPois   .            c - +0 helmet
rElec   .            (no cloak)
rCorr   .            (no gloves)
SInv    .            (no boots)
Will    .....        h - amulet of the acrobat
Stlth   +            (no ring)
HPRegen 0.29/turn    (no ring)
MPRegen 0.11/turn

%: acrobat
@: sanguine armoured
A: sanguine armour 3, weakness stinger 2
a: no special abilities


You were on level 4 of the Dungeon.
You visited 1 branch of the dungeon, and saw 4 of its levels.
You also visited: Sewer.

You collected 89 gold pieces.

Inventory:

Hand Weapons
 a - a +0 long sword (weapon)
Missiles
 d - 4 throwing nets (quivered)
 e - a javelin
Armour
 b - a +0 leather armour
 c - a +0 helmet (worn)
 n - a +0 ring mail (worn)
Jewellery
 h - an amulet of the acrobat (around neck)
 m - an amulet of magic regeneration
 p - a ring of see invisible
 z - an amulet of guardian spirit
Wands
 g - a wand of mindburst (21)
Scrolls
 f - 2 scrolls of fear
 l - a scroll of fog {unknown}
 o - a scroll of teleportation {unknown}
 q - a scroll of blinking {unknown}
 r - a scroll of noise {unknown}
 t - 2 scrolls of identify
 v - a scroll of immolation {unknown}
 y - a scroll of revelation
Potions
 s - 2 potions of degeneration
 u - 4 potions of haste
 x - a potion of cancellation


   Skills:
 - Level 2.0 Fighting
 + Level 13.3 Long Blades
 - Level 1.7 Throwing
 - Level 2.6 Dodging


You had 7 spell levels left.
You didn't know any spells.
Your spell library contained the following spells:

 Spells                   Type           Power      Damage    Failure   Level
 Ensorcelled Hibernation  Hex/Ice        0%         N/A       75%         2
 Passwall                 Erth           0%         N/A       92%         3
 Swiftness                Air            0%         N/A       92%         3


Dungeon Overview and Level Annotations

Branches:
Dungeon (4/15)              Sewer (visited)
 Temple: D:4-7

Altars:
Okawaru


Innate Abilities, Weirdness & Mutations

When seriously injured, your blood forms very thick armour. (AC +12)
You have a tail ending in a sharp stinger.


Message History

You are too injured to fight recklessly!
You are too injured to fight recklessly!
You are too injured to fight recklessly!
You are too injured to fight recklessly!
You are too injured to fight recklessly!
You are too injured to fight recklessly!
You are too injured to fight recklessly!
You are too injured to fight recklessly!
You are too injured to fight recklessly!
You are too injured to fight recklessly!
You are too injured to fight recklessly!
You are too injured to fight recklessly!
You are too injured to fight recklessly!
You are too injured to fight recklessly!
You are too injured to fight recklessly!
Unknown command.
You hit the ogre.
The ogre is lightly wounded.
You hit the ogre.
The ogre is lightly wounded.
The ogre hits you with a +0 giant club. The ogre hits you but does no damage.
You hit the ogre.
You tail-slap the ogre, but do no damage.
The ogre is moderately wounded.
You slash the ogre! You tail-slap the ogre.
The ogre is heavily wounded.
The ogre closely misses you. The ogre hits you with a +0 giant club!
* * * LOW HITPOINT WARNING * * *
You slash the ogre!
You kill the ogre!
You have reached level 8!
You feel stronger.
Your demonic ancestry asserts itself...
Your tail grows a sharp stinger.
You feel better. The ogre hits you with a +0 giant club!
* * * LOW HITPOINT WARNING * * *
You barely miss the ogre. You slash the ogre! You tail-slap the ogre.
The ogre is moderately wounded.
The ogre hits you with a +0 giant club.
You die...

#.....# #.. ......#.....# #..
.....#.....# #..
....#.....#########.
#...#.....#......##.
##...#.....#......##.
+....#...^.#.......#.
#.O)#.....#.......#.
###@#.....#......##.
############...#.....#......##.
...........#...#.....#......##.
...........#...#.....'.........
...........'...#.....#.........
.......)รท..#...#.....#.........
.........).#####.....##########
########'#.....................
#...#....#.....................


You could see an ogre.

Vanquished Creatures
  Sigmund (D:4)
  An ogre (D:4)
  2 kobold brigands (Sewer)
  An iguana (D:3)
  3 gnolls (D:4)
  5 adders
  A river rat (Sewer)
  2 dart slugs
  4 ribbon worms
  6 orcs (D:3)
  3 bats
  7 endoplasms
  6 giant cockroaches
  4 goblins
  7 hobgoblins
  4 quokkas
  12 ball pythons
  6 kobolds
  10 rats
85 creatures vanquished.

Notes
Turn   | Place    | Note
-------+----------+-------------------------------------------
     0 | D:1      | Maxmaps the Demonspawn Gladiator began the quest for the
                  | Orb.
     0 | D:1      | Reached XP level 1. HP: 16/16 MP: 1/1
    42 | D:1      | Reached skill level 3 in Long Blades
   156 | D:1      | Gained mutation: When seriously injured, your blood forms
                  | armour. (AC +12) [demonic ancestry]
   156 | D:1      | Reached XP level 2. HP: 22/22 MP: 2/2
   626 | D:2      | Gained mutation: When seriously injured, your blood forms
                  | thick armour. (AC +12) [demonic ancestry]
   626 | D:2      | Reached XP level 3. HP: 27/27 MP: 3/3
   737 | D:2      | Reached skill level 4 in Long Blades
   910 | D:2      | Found an iron altar of Okawaru.
  1386 | D:3      | Found a glowing drain.
  1405 | Sewer    | Entered a sewer
  1495 | Sewer    | Reached XP level 4. HP: 19/33 MP: 4/4
  1808 | Sewer    | Noticed a kobold brigand
  1808 | Sewer    | Noticed a kobold brigand
  1822 | Sewer    | Killed a kobold brigand
  1823 | Sewer    | Reached skill level 5 in Long Blades
  1823 | Sewer    | Gained mutation: When seriously injured, your blood forms
                  | very thick armour. (AC +12) [demonic ancestry]
  1823 | Sewer    | Reached XP level 5. HP: 22/38 MP: 5/5
  1847 | Sewer    | Reached skill level 6 in Long Blades
  2129 | D:3      | Found a faded altar of an unknown god.
  2243 | D:3      | Reached XP level 6. HP: 41/44 MP: 6/6
  2929 | D:4      | Noticed Sigmund
  2945 | D:4      | Killed Sigmund
  2946 | D:4      | Reached skill level 7 in Long Blades
  3115 | D:4      | Reached skill level 13 in Long Blades
  3115 | D:4      | Gained mutation: You have a small tail. [demonic ancestry]
  3115 | D:4      | Reached XP level 7. HP: 33/50 MP: 7/7
  3393 | D:4      | HP: 2/50 [ogre/+0 giant club (15)]
  3395 | D:4      | Gained mutation: You have a tail ending in a sharp stinger.
                  | [demonic ancestry]
  3395 | D:4      | Reached XP level 8. HP: 3/56 MP: 8/8
  3397 | D:4      | Slain by an ogre

Illustrated notes

Levels and vault maps discovered:
D:1:      amcnicky_arrival_abandoned_market, layout_rooms, chequers_jeans
D:2:      layout_basic, basic_altar, minmay_pentomino_v2
D:3:      layout_basic, mainiacjoe_overflow_small_starburst,
          nicolae_ecumenical_snake_handling, portal_sewer_entry_f,
          minmay_door_square, chequers_serial_rivers_marsh
D:4:      layout_gridville, uniq_sigmund

Skill      XL: |  1  2  3  4  5  6 |
---------------+-------------------+-----
Long Blades    | 3 4 5 6 13 | 13.3
Fighting       | |  2.0
Throwing       | |  1.7
Dodging        | |  2.6

Action                     |  1- 3 |  4- 6 |  7- 9 || total
---------------------------+-------+-------+-------++-------
  Melee: Long sword        |   111 |   188 |    21 ||   320
         Tailslap          |       |       |     4 ||     4
    Use: Scroll            |     4 |       |       ||     4
         Potion            |       |     7 |     1 ||     8
   Stab: Invisible         |       |     2 |       ||     2
 Armour: Leather armour    |    55 |       |       ||    55
         Ring mail         |    33 |   133 |    18 ||   184
  Dodge: Dodged            |    94 |   117 |    12 ||   223

Table legend: (Time is in decaauts)
 A = Elapsed time spent in this place.
 B = Non-inter-level travel time spent in this place.
 C = Inter-level travel time spent in this place.
 D = Time resting spent in this place.
 E = Time spent auto-exploring this place.
 F = Levels seen in this place.
 G = Mean time per level.
                   A        B        C        D        E       F      G
               +--------+--------+--------+--------+--------+-----+--------+
         Total |   3495 |   3418 |     77 |     39 |   2579 |   5 |  699.0 |
       Dungeon |   2884 |   2807 |     77 |     19 |   2250 |   4 |  721.0 |
         Sewer |    611 |    611 |      0 |     20 |    329 |   1 |  611.0 |
               +--------+--------+--------+--------+--------+-----+--------+

Top non-repeatable levels by time:
     D:3: 988 daAuts
     D:2: 743 daAuts
   Sewer: 611 daAuts
     D:4: 577 daAuts
     D:1: 574 daAuts
